AoeStats
← Sr. Matanza

Arena

510032335Analyzed
1v1 RM · 4d ago on Sep 29, 2026· 17m 29s· 2 players
Game mode
Random Map
Map size
Tiny (2 player)
Population
200
Speed
Normal
Resources
Standard
Victory
Conquest
Starting age
Dark Age
Ending age
Imperial Age
RankedLock teamsTeams togetherTeam positionsShared explorationLock speedFull tech treeHidden civsTurbo modeCheats
Victory
Defeat
🇩🇪 Saxons · Germany
861
+16
🇦🇷 Inca · Argentina
725
-10
Sr. Matanza
10:08 Feudal Age
10:36 Loom
17:01 Castle Age
15:34 Double-Bit Axe
Dreams
10:55 Feudal Age
12:22 Loom
15:05 Castle Age
13:32 Double-Bit Axe
Connection lost

Rejoining the realm…

Still unreachable

The connection could not be restored.

Session expired

The server has moved on; the page needs a fresh start.